 Dungeon Crawl Stone Soup version 0.31.0-11-ge490571c62 (webtiles) character file.

Game seed: 793103591520748226

359 Yore the Trooper (level 6, -1/40 HPs)
             Began as a Gargoyle Fighter on Feb 1, 2024.
             Slain by a two-headed ogre
             ... wielding a +0 giant club
              (12 damage)
             ... on level 4 of the Dungeon.
             The game lasted 00:05:23 (2838 turns).

Yore the Trooper (Gargoyle Fighter)                 Turns: 2838, Time: 00:05:24

Health: -1/40      AC: 17    Str: 20    XL:     6   Next: 65%
Magic:  6/6        EV:  7    Int:  8    God:
Gold:   82         SH:  9    Dex: 11    Spells: 5/5 levels left

rFire   . . .        v - +2 mace (venom)
rCold   + . .        c - +0 buckler
rNeg    + . .        e - +0 chain mail {rC+}
rPois   ∞            (no helmet)
rElec   +            (no cloak)
rCorr   .            q - +1 pair of gloves
SInv    .            i - +0 pair of boots
Will    .....        n - amulet of reflection Stlth
                     (no ring)
HPRegen 0.26/turn    (no ring)
MPRegen 0.10/turn

%: reflection
@: no status effects
A: sickness immunity, AC +4, negative energy resistance 1, electricity
resistance, torment resistance 1, petrification resistance
a: no special abilities


You were on level 4 of the Dungeon.
You visited 1 branch of the dungeon, and saw 4 of its levels.

You collected 186 gold pieces.
You spent 104 gold pieces at shops.

Inventory:

Hand Weapons
 v - a +2 mace of venom (weapon)
Armour
 c - a +0 buckler (worn)
 e - a +0 chain mail of cold resistance (worn)
 f - a +0 tower shield
 i - a +0 pair of boots (worn)
 q - a +1 pair of gloves (worn)
Jewellery
 n - an amulet of reflection (around neck)
Scrolls
 a - a scroll of teleportation
 h - 2 scrolls of revelation {unknown}
 p - 2 scrolls of identify {unknown}
 u - a scroll of brand weapon {unknown}
Potions
 b - a potion of lignification {unknown}
 d - 4 potions of might
 j - a potion of enlightenment {unknown}
 k - a potion of magic {unknown}
 l - a potion of haste {unknown}
 m - a potion of cancellation {unknown}
 o - a potion of degeneration {unknown}
 r - a potion of invisibility {unknown}
 s - a potion of mutation
 t - a potion of berserk rage {unknown}


   Skills:
 * Level 5.4 Fighting
 * Level 4.3 Maces & Flails
 + Level 4.4 Armour
 - Level 4.0 Shields


You had 5 spell levels left.
You didn't know any spells.
Your spell library contained the following spells:

 Spells                   Type           Power      Damage    Failure   Level
 Freeze                   Ice            0%         1d3       98%         1
 Magic Dart               Conj           0%         1d3       98%         1
 Searing Ray              Conj           0%         2d4       99%         2
 Frozen Ramparts          Ice            0%         1d1       100%        3
 Hailstorm                Conj/Ice       0%         3d5       100%        3
 Fulminant Prism          Conj/Alch      0%         3d5       100%        4
 Summon Forest            Summ/Tloc      0%         N/A       100%        5
 Eringya's Noxious Bog    Alch           0%         4d6       100%        6
 Summon Hydra             Summ           0%         N/A       100%        7


Dungeon Overview and Level Annotations

Branches:
Dungeon (4/15)
 Temple: D:4-7

Altars:
Ashenzari
Wu Jian

Shops:
D:3 **=*

Portals:
Abyss: D:3

Annotations:
D:3 1 runed translucent door, 2 transporters, Crazy Yiuf; SnakkuSnakku7's ghost, amateur MfCj
D:4 Edmund


Innate Abilities, Weirdness & Mutations

You are immune to sickness and miasma.
Your stone body is resilient. (AC +4)
You are immune to poison.
You resist negative energy. (rN+)
You are resistant to electric shocks. (rElec)
You are resistant to unholy torment.
You are immune to petrification.


Message History

The giant cockroach bites you but does no damage.
You sock the giant cockroach!
You kill the giant cockroach!
You barely miss Edmund. Edmund closely misses you. You block Edmund's attack.
You hit Edmund but do no damage.
Edmund is poisoned.
Edmund hits you but does no damage.
You barely miss Edmund.
Edmund is lightly wounded.
You block Edmund's attack.
You thump Edmund!
Edmund looks as sick as possible!
Edmund is moderately wounded.
You block Edmund's attack. Edmund attacks as he pursues you!
You block Edmund's attack.
You see here a +0 dagger.
You hit Edmund.
Edmund is heavily wounded.
You block Edmund's attack.
You hit the two-headed ogre.
The two-headed ogre is poisoned.
The two-headed ogre is lightly wounded.
You hit the two-headed ogre but do no damage.
The two-headed ogre looks as sick as possible!
The two-headed ogre is lightly wounded.
The two-headed ogre hits you with a +0 giant club!
The two-headed ogre hits you but does no damage.
You thump the two-headed ogre!
The two-headed ogre looks as sick as possible!
The two-headed ogre is moderately wounded.
The two-headed ogre hits you with a +0 giant club.
The two-headed ogre hits you with a +0 giant club!
* * * LOW HITPOINT WARNING * * *
The two-headed ogre attacks as it pursues you!
The two-headed ogre closely misses you.
The two-headed ogre hits you with a +0 giant club.
* * * LOW HITPOINT WARNING * * *
The two-headed ogre attacks as it pursues you!
The two-headed ogre completely misses you.
You block the two-headed ogre's attack.
The two-headed ogre attacks as it pursues you!
The two-headed ogre hits you with a +0 giant club!
You die...

#.......##......#
.........'......#
.........##...####
..........#.#'##.#
#.......#####.##.#
#'#...#'# #...@.#
..#####...##)###.#
. #.....†'.# #O#
#......### #@#
#...... #.#
'...... .[#
#...... ####
#...... #......
###...#


You could see a two-headed ogre (very poisoned) and Edmund (very poisoned).

Vanquished Creatures
  An orc priest (D:3)
  An iguana (D:4)
  5 orc wizards (D:4)
  3 gnolls (D:4)
  7 adders
  10 orcs
  5 ball pythons
  3 endoplasms
  6 giant cockroaches
  9 goblins
  8 hobgoblins
  6 jackals
  2 quokkas
  4 bats
  2 frilled lizards
  10 kobolds
  3 rats
85 creatures vanquished.

Notes
Turn   | Place    | Note
-------+----------+-------------------------------------------
     0 | D:1      | Yore the Gargoyle Fighter began the quest for the Orb.
     0 | D:1      | Reached XP level 1. HP: 14/14 MP: 1/1
   481 | D:1      | Reached XP level 2. HP: 19/19 MP: 2/2
  1048 | D:2      | Found a broken altar of Ashenzari.
  1055 | D:2      | Reached XP level 3. HP: 24/24 MP: 3/3
  1261 | D:2      | Reached skill level 4 in Fighting
  1629 | D:3      | Reached XP level 4. HP: 29/29 MP: 4/4
  1642 | D:3      | Found an ornate altar of the Wu Jian Council.
  1686 | D:3      | Found a runed translucent door.
  1687 | D:3      | Noticed Crazy Yiuf
  1766 | D:3      | Found Tungautt's Jewellery Boutique.
  1769 | D:3      | Found Nazxieryu's Assorted Antiques.
  1919 | D:3      | Found a transporter.
  1934 | D:3      | Found Emexter's General Store.
  1958 | D:3      | Bought a potion of mutation for 104 gold pieces
  1974 | D:3      | Found a transporter.
  1975 | D:3      | Found Biedy's Assorted Antiques.
  1990 | D:3      | Found a one-way gate to the infinite horrors of the Abyss.
  1990 | D:3      | Noticed SnakkuSnakku7's ghost (amateur MfCj)
  2168 | D:4      | Reached XP level 5. HP: 20/34 MP: 5/5
  2577 | D:4      | Reached skill level 5 in Fighting
  2577 | D:4      | Reached XP level 6. HP: 39/40 MP: 6/6
  2599 | D:4      | Noticed a two-headed ogre
  2820 | D:4      | Noticed Edmund
  2838 | D:4      | Slain by a two-headed ogre

Illustrated notes

Levels and vault maps discovered:
D:1:      lightli_arrival_flooded_house, layout_loops_corners,
          corexii_leaking_fountain, grunt_decor_fettered,
          dreamdust_mushroom_princess
D:2:      layout_basic, basic_altar, kennysheep_generic_room_14
D:3:      layout_basic, nzn_wu_jian_council_hall, serial_shops, shop, shop,
          shop, shop, gammafunk_ghost_abyssal_escape, uniq_crazy_yiuf_cottage
D:4:      nicolae_cairo_tiling_very_big, layout_loops_ring, serial_shops, shop,
          uniq_edmund, uniq_sigmund, uniq_ijyb

Skill      XL: |  1  2  3  4  5  6 |
---------------+-------------------+-----
Fighting       | 4 5 |  5.4
Maces & Flails | 3 4 |  4.3
Armour         | 4 |  4.4
Shields        | 4 |  4.0

Action                     |  1- 3 |  4- 6 || total
---------------------------+-------+-------++-------
  Melee: Flail             |   115 |   167 ||   282
         Mace              |       |    46 ||    46
    Use: Scroll            |       |     2 ||     2
 Armour: Chain mail        |    91 |   199 ||   290
  Dodge: Dodged            |    48 |    59 ||   107
  Block: Buckler           |    46 |   106 ||   152
         Reflection        |     1 |     1 ||     2
